 Dungeon Crawl Stone Soup version 0.17.0-28-g6e173f8 (webtiles) character file.

98 PossumBlood the Magician (level 4, -3/27 HPs)
             Began as a High Elf Wizard on Nov 23, 2015.
             Slain by a big kobold
             ... wielding a +0 dagger
              (5 damage)
             ... on level 4 of the Dungeon.
             The game lasted 00:18:01 (4009 turns).

PossumBlood the Magician (High Elf Wizard)          Turns: 4009, Time: 00:18:02

Health: -3/27      AC:  2    Str:  6    XL:     4   Next: 44%
Magic:  3/11       EV: 13    Int: 22    God:
Gold:   166        SH:  0    Dex: 14    Spells: 1 memorised, 11 levels left

rFire  . . .     SeeInvis .     k - +3 dagger (venom)
rCold  . . .     Clarity  .     a - +0 robe
rNeg   . . .     SustAt   .     (no shield)
rPois  .         Gourm    .     b - +0 hat
rElec  .         Spirit   .     (no cloak)
rCorr  .         Warding  .     (no gloves)
rMut   .         Stasis   .     (no boots)
MR     .....                    (no amulet)
Stlth  ++........               (no ring)
                                (no ring)

@: not resistant to hostile enchantments, unstealthy
A: no striking features
a: no special abilities


You were on level 4 of the Dungeon.
You were not hungry.

You visited 1 branch of the dungeon, and saw 4 of its levels.

You collected 166 gold pieces.

Inventory:

Hand Weapons
 d - a +1 hand axe of chopping
 e - a +0 hunting sling
 g - a +0 dagger
 h - a cursed -1 whip
 k - a +3 dagger of venom (weapon)
Missiles
 l - 15 bolts of flame
Armour
 a - a +0 robe (worn)
 b - a +0 hat (worn)
 o - a +0 robe
Jewellery
 m - a cursed -6 ring of strength
Scrolls
 f - a scroll of amnesia
 i - a scroll of identify
 q - a scroll of magic mapping
 t - 3 scrolls of remove curse
Potions
 j - 2 potions of agility
 r - a potion of beneficial mutation {unknown}
 s - a potion of haste {unknown}
Books
 c - a book of Minor Magic

   Spells                             Type                      Level
   a - Magic Dart                     Conjuration                  1
   b - Blink                          Translocation                2
   c - Call Imp                       Summoning                    2
   d - Repel Missiles                 Charms/Air                   2
   e - Slow                           Hexes                        2
   f - Conjure Flame                  Conjuration/Fire             3
   g - Mephitic Cloud                 Conjuration/Poison/Air       3
Comestibles
 n - 3 bread rations


   Skills:
 + Level 0.2 Fighting
 + Level 2.8 Dodging
 + Level 2.8 Stealth
 + Level 4.8 Spellcasting
 + Level 2.4 Conjurations
   Level 0.8 Summonings
   Level 1.1 Translocations


You had 11 spell levels left.
You knew the following spells:

 Your Spells              Type           Power        Failure   Level  Hunger
a - Magic Dart            Conj           ###.         4%          1    None


Dungeon Overview and Level Annotations

Branches:
Dungeon (4/15)
 Temple: D:4-7

Altars:
Dithmenos
Gozag

Shops:
D:4 :

Portals:
Ossuary: D:4


Message History

The jackal misses you. The jackal barely misses you.
Your magical contamination has completely faded away.
The big kobold completely misses you. The big kobold hits you with a dagger.
* * * LOW HITPOINT WARNING * * *
Found a sapphire potion and a fuming purple potion.
Found 20 stones.
The jackal misses you. The jackal closely misses you. The jackal bites you.
* * * LOW HITPOINT WARNING * * *
The big kobold hits you with a dagger.
* * * LOW HITPOINT WARNING * * *
The jackal misses you.
The jackal bites you but does no damage.
The jackal misses you. The jackal barely misses you.
You see here a sapphire potion.
The jackal barely misses you.
Found 22 bolts.
The big kobold hits you with a dagger.
You die...

##.## #.# #..(###
#.## ##.....## #(.#
#.....!.###..#
#........##..#
#.........#..#
##.......!.h..# #
#.........hhK.# ##
#...........h@#
.###..............#
..##.............##
#.............##.#
###..#......####.#
# ##..###.### #.#
## ##...###
##.#####
.######h.##
###..#...## ...##
##..###......∩..#


You could see a big kobold and 4 jackals.

Vanquished Creatures
  An orc priest (D:3)
  A hound zombie (D:4)
  An ooze (D:3)
  An adder skeleton (D:4)
  2 giant geckos (D:1)
  5 orcs (D:3)
  A ball python (D:2)
  2 bats
  A giant cockroach (D:2)
  5 goblins
  A hobgoblin (D:1)
  8 kobolds
  A quokka (D:2)
  A giant newt (D:3)
  4 jackals (D:4)
  A jackal skeleton (D:4)
  6 rats
42 creatures vanquished.

Notes
Turn   | Place    | Note
--------------------------------------------------------------
     0 | D:1      | PossumBlood the High Elf Wizard began the quest for the Orb.
     0 | D:1      | Reached XP level 1. HP: 11/11 MP: 6/6
   198 | D:1      | Reached skill level 4 in Spellcasting
   546 | D:1      | Reached XP level 2. HP: 17/17 MP: 4/8
  1615 | D:2      | Found an opulent altar of Gozag.
  2102 | D:2      | Reached XP level 3. HP: 21/21 MP: 3/9
  2639 | D:3      | Reached XP level 4. HP: 3/27 MP: 1/11
  3859 | D:4      | Found Anakh's Book Boutique.
  3937 | D:4      | Found a shadowy altar of Dithmenos.
  3943 | D:4      | Noticed a big kobold
  3966 | D:4      | Found a sand-covered staircase.
  4003 | D:4      | HP: 1/27 [big kobold/dagger (1)]
  4009 | D:4      | Slain by a big kobold

Action                   |  1- 3 |  4- 6 || total
-------------------------+-------+-------++-------
Melee: Unarmed           |    13 |       ||    13
       Dagger            |    11 |       ||    11
 Cast: Magic Dart        |   100 |    58 ||   158
  Use: Scroll            |     9 |     3 ||    12
       Potion            |     1 |     2 ||     3
  Eat: Bread ration      |     1 |     1 ||     2
       Beef jerky        |       |     1 ||     1
